 Dungeon Crawl Stone Soup version 0.29.0-11-gd7f09526c8 (webtiles) character file.

Game seed: 18355272625201500260

22224 sanka the Martial Artist (level 12, -8/151 HPs)
             Began as a Demigod Delver on Sept 2, 2022.
             Mangled by a meliai
             ... wielding a +0 hand axe
              (11 damage)
             ... on level 4 of the Lair of Beasts.
             The game lasted 01:00:24 (30128 turns).

sanka the Martial Artist (Demigod Delver)          Turns: 30128, Time: 01:00:25

Health: -8/151     AC: 26    Str: 13    XL:     12   Next: 29%
Magic:  25/25      EV:  2    Int: 28    God:
Gold:   2132       SH:  0    Dex: 15    Spells: 9/13 levels left

rFire   . . .      SeeInvis .     - Unarmed
rCold   . . .      Faith    .   (no shield)
rNeg    . . .      Spirit   .   (body armour currently unavailable)
rPois   +          Reflect  .   (helmet currently unavailable)
rElec   .          Harm     .   (cloak currently unavailable)
rCorr   .          Rampage  .   (gloves currently unavailable)
Will    +....      NoTele   +   (boots currently unavailable)
Stlth   +++.......              (no amulet)
HPRegen 0.35/turn               P - +4 ring of evasion
MPRegen 0.19/turn               d - ring of magical power

@: lethally poisoned (-8 -> -15), tree-form
A: stationary, stasis, torment immunity, boosted hp, high MP 1, forlorn, divine
attributes
a: no special abilities


You were on level 4 of the Lair of Beasts.
You were a tree.
You visited 2 branches of the dungeon, and saw 15 of its levels.
You also visited: Bailey.

You collected 2132 gold pieces.


Innate Abilities, Weirdness & Mutations

You are a tree.
Your roots penetrate the ground, keeping you stationary.
You cannot be teleported.
You are immune to unholy pain and torment.
Your maximum health is greatly increased.
Your equipment is partially melded.
You have an increased reservoir of magic. (+10% MP)
You shall have no god before yourself.
Your divine heritage dramatically boosts your attributes as you level up.


   Skills:
 + Level 7.7 Fighting
 + Level 10.6 Dodging
 - Level 4.5 Stealth
 * Level 13.8 Unarmed Combat
 - Level 1.0 Spellcasting
 - Level 4.0 Transmutations
 - Level 4.0 Poison Magic


You had 9 spell levels left.
You knew the following spells:

 Your Spells              Type           Power      Damage    Failure   Level
x - Beastly Appendage     Tmut           46%        N/A       1%          1
z - Spider Form           Tmut/Pois      23%        N/A       6%          3

Your spell library contained the following spells:

 Spells                   Type           Power      Damage    Failure   Level
 Sting                    Tmut/Pois      92%        1d7       1%          1
 Wereblood                Tmut           23%        N/A       3%          2
 Poisonous Vapours        Pois/Air       24%        N/A       7%          2
 Apportation              Tloc           2%         N/A       10%         1
 Magic Dart               Conj           4%         1d3       10%         1
 Necrotise                Necr           4%         1d4       10%         1
 Slow                     Hex            4%         N/A       10%         1
 Summon Small Mammal      Summ           4%         N/A       10%         1
 Ignite Poison            Fire/Tmut/Pois 16%        N/A       10%         3
 Call Imp                 Summ           1%         N/A       16%         2
 Ensorcelled Hibernation  Hex/Ice        2%         N/A       16%         2
 Static Discharge         Conj/Air       1%         3-4/arc   16%         2
 Mephitic Cloud           Conj/Pois/Air  8%         N/A       17%         3
 Olgreb's Toxic Radiance  Pois           23%        N/A       19%         4
 Confusing Touch          Hex            1%         N/A       30%         3
 Conjure Flame            Conj/Fire      1%         6-21      30%         3
 Vampiric Draining        Necr           1%         2d6       30%         3
 Anguish                  Hex/Necr       0%         N/A       69%         4
 Dispel Undead            Necr           1%         3d6       69%         4
 Fulminant Prism          Conj/Hex       0%         3d6       69%         4
 Iskenderun's Mystic Bla  Conj/Tloc      1%         2d3       69%         4
 Sticky Flame             Conj/Fire      1%         2d3       69%         4
 Yara's Violent Unravell  Hex/Tmut       6%         3d5       77%         5
 Agony                    Necr           1%         N/A       95%         5
 Freezing Cloud           Conj/Ice/Air   0%         6-21      95%         5
 Lee's Rapid Deconstruct  Erth           0%         3d5*      95%         5
 Enfeeble                 Hex            0%         N/A       100%        7
 Ozocubu's Refrigeration  Ice            0%         4d7       100%        7
 Ignition                 Fire           0%         3d3       100%        8

Inventory:

Missiles
 h - 20 curare-tipped darts {=f}
 n - 14 boomerangs
 J - a throwing net {=f}
 M - 4 datura-tipped darts
 N - 4 atropa-tipped darts
Armour
 t - a +1 pair of boots (melded)
 u - a +0 cloak (melded)
 w - a +0 helmet (melded)
 z - a +1 robe of positive energy (melded)
 I - +0 acid dragon scales
 K - a +0 pair of gloves of hurling (melded)
Magical Staves
 H - a staff of fire
Jewellery
 d - a ring of magical power (right branch)
 x - a ring of ice
 P - a +4 ring of evasion (left branch)
Wands
 a - a wand of quicksilver (9)
 f - a wand of digging (3)
 y - a wand of roots (5)
 B - a wand of mindburst (4)
 C - a wand of polymorph (6)
Scrolls
 b - a scroll of fog
 c - 8 scrolls of enchant weapon
 i - 7 scrolls of teleportation {@r4}
 q - a scroll of blinking
 r - a scroll of silence {!r}
 v - 3 scrolls of noise {!r}
 A - 2 scrolls of vulnerability {!r}
 D - 2 scrolls of amnesia
 F - 3 scrolls of immolation {!r}
 G - 2 scrolls of summoning
 O - 2 scrolls of identify {@r1}
Potions
 e - a potion of cancellation
 g - 3 potions of mutation {!q}
 j - a potion of resistance
 k - 4 potions of magic
 l - 3 potions of ambrosia
 m - 5 potions of haste {@q3}
 p - 3 potions of lignification {!q}
 s - a potion of attraction {!q}
 E - 4 potions of might
 L - 4 potions of flight
 Q - a potion of brilliance

Dungeon Overview and Level Annotations

Branches:
Dungeon (11/15)            Temple (0/1) D:5            Lair (4/5) D:10
  Swamp (0/4) Lair:3        Snake (0/4) Lair:2          Orc (0/2) D:9
 Bailey (visited)
  Slime: Lair:4-5

Shops:
D:9 **

Annotations:
D:6 3 runed translucent doors, Zgarb's ghost, novice KoNe
Lair:2 2 transporters

▒ ▒▒▒ ▒▒▒..▒▒ .▒....▒
▒▒....▒ ▒▒▒▒▒
.▒....▒▒▒▒▒▒▒.▒.▒▒
........▒▒.......▒ ▒
.......▒▒▒▒▒...y♣▒ y▒
............▒..yy▒▒▒.▒
..........▒.....y..y.▒▒▒
.........▒▒▒▒▒....£....▒
.........▒ ▒......f.▒▒
..........▒ ▒▒▒....▒▒▒
..........▒ ....▒▒
...........▒ ▒▒.▒..▒
...........▒ ▒▒▒▒▒▒


You could see a meliai and 3 killer bees.


Message History

The killer bee stings you but does no damage.
The meliai hits you with a +0 hand axe!
* * * LOW HITPOINT WARNING * * *
The meliai stings you.
* * * LOW HITPOINT WARNING * * *
You are poisoned.
The meliai poisons you!
A queen bee comes into view.
You barely miss the meliai.
The meliai is almost dead.
You feel very sick. The meliai hits you with a +0 hand axe.
* * * LOW HITPOINT WARNING * * *
The meliai stings you but does no damage.
The killer bee stings you but does no damage.
The killer bee stings you.
* * * LOW HITPOINT WARNING * * *
The killer bee stings you but does no damage.
The killer bee stings you but does no damage.
The meliai mumbles some strange prayers to its god against you.
Something smites you!
* * * LOW HITPOINT WARNING * * *
You hit the meliai.
The meliai is almost dead.
* * * LOW HITPOINT WARNING * * *
You feel sick.
The killer bee stings you but does no damage.
The killer bee stings you but does no damage.
The meliai hits you with a +0 hand axe!
You die...

Action                   |  1- 3 |  4- 6 |  7- 9 | 10-12 || total
-------------------------+-------+-------+-------+-------++-------
Melee: Unarmed           |   174 |   202 |   484 |   660 ||  1520
       Punch             |     2 |     4 |     3 |     4 ||    13
       Kick              |       |    24 |     6 |       ||    30
       Headbutt          |       |     7 |     2 |       ||     9
Throw: Dart              |       |       |       |     4 ||     4
 Cast: Beastly Appendage |       |    27 |     7 |       ||    34
       Spider Form       |       |    10 |    63 |    69 ||   142
 Abil: End Transformatio |       |       |       |     5 ||     5
Evoke: Wand              |       |       |       |     7 ||     7
  Use: Potion            |     2 |     1 |     1 |     9 ||    13
       Scroll            |     2 |    12 |     4 |     7 ||    25
 Stab: Sleeping          |     5 |     4 |     7 |     4 ||    20
       Distracted        |       |       |       |     1 ||     1
Armor: Leather armour    |    59 |    33 |       |       ||    92
       Plate armour      |     6 |    12 |       |       ||    18
       Robe              |       |       |    19 |    12 ||    31
       Skin              |       |       |     6 |   100 ||   106
Dodge: Dodged            |    80 |   107 |   464 |   552 ||  1203

Levels and vault maps discovered:
D:1:      minmay_arrival_up_and_down, layout_rooms
D:2:      layout_basic, nicolae_ecumenical_lake_church, minmay_tripent,
          uniq_natasha
D:3:      layout_rooms, minmay_randomly_rotated_circles
D:4:      layout_basic, mainiacjoe_overflow_concentric_impassable,
          small_statue_intersection, uniq_robin, uniq_sigmund,
          uniq_blork_the_orc
D:5:      layout_loops_cross, minmay_overflow_temple_hex,
          minmay_temple_entry_large_hall, uniq_menkaure
D:6:      layout_layer_cave, mainiacjoe_overflow_paths,
          gammafunk_ghost_necromancy, minmay_misc_feat_columns
D:7:      layout_loops_corners, nicolae_ru_the_path_less_chosen, serial_undead,
          serial_undead_c, serial_undead_d, serial_undead_d, serial_undead_b
D:8:      layout_gridville, corexii_checkpoint_a
D:9:      layout_small_grid, minmay_orc_entry_temple_small,
          nicolae_specific_store, grunt_decor_cap, grunt_decor_clamped
D:10:     layout_loops_ring, nicolae_tso_carved_into_rock, lemuel_round_altar,
          dpeg_lair_monsters, enter_bailey_2, grunt_ministairs_5,
          solitary_fountain, serial_bayou_lake_a
D:11:     layout_basic, portal_ice_cave_rime
Lair:1:   lemuel_slime, layout_loops_ring, evilmike_ambush
          [evilmike_ambush_outer_basic, evilmike_ambush_inner_basic]
Lair:2:   gammafunk_cloud_chamber, layout_regular_city,
          minmay_snake_entry_six_corridors
Lair:3:   nzn_motion_control, layout_misc_corridors, swamp_mist, minivault_11
Lair:4:   layout_cave_pods, special_room [special_room_bee], kennysheep_rathole

Notes
Turn   | Place    | Note
-------+----------+-------------------------------------------
     0 | D:5      | sanka the Demigod Delver began the quest for the Orb.
     0 | D:5      | Reached XP level 1. HP: 18/18 MP: 3/3
    32 | D:5      | Found a staircase to the Ecumenical Temple.
   149 | D:5      | Noticed a necrophage
   200 | D:5      | Noticed Menkaure
   327 | D:4      | Noticed Sigmund
   368 | D:4      | Reached skill level 2 in Unarmed Combat
   368 | D:4      | Reached XP level 2. HP: 7/25 MP: 4/4
   615 | D:4      | Noticed Blork the orc
   829 | D:3      | Reached skill level 3 in Unarmed Combat
  1344 | D:1      | Reached XP level 3. HP: 30/30 MP: 5/5
  1960 | D:1      | Learned a level 3 spell: Spider Form
  2404 | D:2      | Noticed Natasha
  2489 | D:2      | Killed Natasha
  2490 | D:2      | Reached skill level 1 in Spellcasting
  2490 | D:2      | Reached XP level 4. HP: 16/37 MP: 6/8
  2743 | D:2      | Noticed Natasha
  3044 | D:2      | Reached skill level 1 in Poison Magic
  3103 | D:2      | Learned a level 1 spell: Beastly Appendage
  3112 | D:2      | Reached skill level 1 in Transmutations
  3544 | D:2      | Killed Natasha
  3885 | D:3      | Identified a potion of resistance
  4078 | D:3      | Reached XP level 5. HP: 42/42 MP: 7/9
  4184 | D:3      | Reached skill level 2 in Transmutations
  4184 | D:3      | Reached skill level 2 in Poison Magic
  4933 | D:4      | Killed Blork the orc
  4934 | D:4      | Reached skill level 3 in Transmutations
  4934 | D:4      | Reached skill level 3 in Poison Magic
  4934 | D:4      | Reached XP level 6. HP: 42/50 MP: 10/10
  5761 | D:2      | Noticed Natasha
  5776 | D:2      | Killed Natasha
  6542 | D:4      | Noticed Robin
  6552 | D:4      | Killed Robin
  6948 | D:4      | Killed Sigmund
  6949 | D:4      | Reached skill level 4 in Transmutations
  6949 | D:4      | Reached skill level 4 in Poison Magic
  6949 | D:4      | Reached skill level 3 in Fighting
  6949 | D:4      | Reached skill level 2 in Dodging
  6949 | D:4      | Reached skill level 4 in Unarmed Combat
  6949 | D:4      | Reached XP level 7. HP: 31/57 MP: 11/11
  8222 | D:5      | Reached skill level 3 in Dodging
  9169 | D:5      | Killed Menkaure
  9247 | D:5      | Reached skill level 4 in Dodging
  9247 | D:5      | Reached skill level 5 in Unarmed Combat
  9339 | D:6      | Reached XP level 8. HP: 56/63 MP: 12/12
 10386 | D:6      | Found a runed translucent gate.
 10386 | D:6      | Found a runed translucent gate.
 10386 | D:6      | Found a runed translucent gate.
 10387 | D:6      | Noticed Zgarb's ghost (novice KoNe)
 10433 | D:6      | Reached skill level 5 in Dodging
 10789 | D:6      | Reached skill level 6 in Unarmed Combat
 12529 | D:7      | Reached skill level 6 in Dodging
 13105 | D:7      | Reached skill level 7 in Unarmed Combat
 13663 | D:8      | Reached XP level 9. HP: 69/69 MP: 13/13
 14649 | D:9      | Reached skill level 7 in Dodging
 14735 | D:9      | Found a staircase to the Orcish Mines.
 14824 | D:9      | Found Rioterec's Specific Store.
 14826 | D:9      | Found Eguxzan's General Store.
 15332 | D:9      | Reached skill level 8 in Unarmed Combat
 15626 | D:9      | Identified the +2 ring mail of Ghostly Leaves {Fly Str+2}
 15891 | D:8      | Identified +0 acid dragon scales
 16439 | D:8      | Reached skill level 8 in Dodging
 17924 | D:10     | Entered Level 10 of the Dungeon
 17924 | D:10     | Noticed a boulder beetle
 17947 | D:10     | Killed a boulder beetle
 17948 | D:10     | Reached skill level 9 in Unarmed Combat
 18010 | D:10     | Noticed a death yak
 18055 | D:10     | Noticed a kobold demonologist
 18067 | D:10     | Killed a kobold demonologist
 18068 | D:10     | Reached XP level 10. HP: 46/77 MP: 14/14
 18111 | D:10     | Found a staircase to the Lair.
 18111 | D:10     | Noticed a death yak
 18239 | D:10     | Found a flagged portal.
 18271 | D:10     | Reached skill level 10 in Unarmed Combat
 18311 | Bailey   | Entered a bailey
 18986 | Bailey   | Noticed an orc knight
 19207 | Bailey   | Killed an orc knight
 19606 | D:10     | Reached skill level 4 in Fighting
 20292 | D:10     | HP: 5/78 [yak (7)]
 21306 | D:10     | Noticed a death yak
 21306 | D:10     | Noticed a death yak
 21306 | D:10     | Noticed a death yak
 21850 | D:10     | Killed a death yak
 21851 | D:10     | Reached skill level 11 in Unarmed Combat
 22708 | D:11     | Reached skill level 5 in Fighting
 22816 | D:11     | Reached skill level 9 in Dodging
 22822 | D:11     | Reached XP level 11. HP: 50/86 MP: 15/15
 23278 | Lair:1   | Entered Level 1 of the Lair of Beasts
 23278 | Lair:1   | Noticed a catoblepas
 24163 | Lair:1   | Reached skill level 12 in Unarmed Combat
 24386 | Lair:1   | Killed a catoblepas
 24894 | Lair:1   | Reached skill level 6 in Fighting
 24908 | Lair:1   | HP: 4/89 [cane toad (22)]
 25477 | Lair:2   | Found a transporter.
 26122 | Lair:2   | Found a transporter.
 26792 | Lair:2   | Found a staircase to the Snake Pit.
 27739 | Lair:3   | Reached skill level 10 in Dodging
 27744 | Lair:3   | Reached skill level 13 in Unarmed Combat
 27881 | Lair:3   | Found a staircase to the Swamp.
 27925 | Lair:3   | Identified the +5 dagger of the Solstice {drain, Str+6}
 28140 | Lair:3   | Noticed a catoblepas
 28200 | Lair:3   | Killed a catoblepas
 28201 | Lair:3   | Reached skill level 7 in Fighting
 28529 | Lair:3   | Noticed a catoblepas
 28556 | Lair:3   | Killed a catoblepas
 28557 | Lair:3   | Reached XP level 12. HP: 75/100 MP: 16/16
 30125 | Lair:4   | HP: 9/151 [killer bee (7)]
 30128 | Lair:4   | HP: 3/151 [poisoned by a meliai]
 30128 | Lair:4   | Mangled by a meliai

Vanquished Creatures
  A boulder beetle (D:10)
  3 catoblepae
  A death yak (D:10)
  An orc knight (Bailey)
  2 manticores (Lair:3)
  A black mamba (Lair:2)
  9 cane toads
  5 komodo dragons
  2 rime drakes (D:11)
  A kobold demonologist (D:10)
  2 burning bushes (Lair:1)
  A troll (D:9)
  A polar bear (Lair:4)
  7 dream sheep (Lair:3)
  3 blink frogs (Lair:4)
  A slime creature (Lair:1)
  Sigmund (D:4)
  6 yaks
  2 wraiths (D:11)
  5 wyverns
  A basilisk (Lair:1)
  6 vampire mosquitoes (D:11)
  Menkaure (D:5)
  An acid dragon (D:8)
  12 water moccasins
  8 orc warriors
  An ice beast (D:5)
  A black bear (Lair:3)
  A hornet zombie (D:7)
  6 wolves
  4 centaurs
  7 kobold brigands
  Blork the orc (D:4)
  2 gnoll sergeants
  5 bullfrogs
  A necrophage (D:5)
  3 scorpions
  2 wights (D:7)
  15 killer bees
  5 howler monkeys
  3 electric eels (D:10)
  A centaur zombie (D:7)
  2 hounds
  6 jellies (Lair:1)
  2 gnoll boudas
  8 orc priests
  7 iguanas
  2 hell rats (Lair:4)
  Natasha (thrice) (D:2)
  7 orc wizards
  3 killer bee zombies (D:7)
  Robin (D:4)
  21 gnolls
  14 adders
  9 river rats (Lair:4)
  2 shadow imps (D:8)
  3 white imps
  3 ufetubi
  2 worms
  6 dart slugs
  23 orcs
  8 bats
  23 endoplasms
  5 giant cockroaches
  14 goblins
  6 hobgoblins
  6 jackals
  23 kobolds
  2 quokkas
  7 ball pythons
  3 frilled lizards
  4 rats
367 creatures vanquished.

Vanquished Creatures (others)
  19 fungi
  46 plants
  3 withered plants (D:7)
68 creatures vanquished.

Grand Total: 435 creatures vanquished
